 Dungeon Crawl Stone Soup version 0.20-a0-672-gd6c3c51 (webtiles) character file.

716 nikopol the Chopper (level 7, -5/66 HPs)
             Began as a Gargoyle Berserker on Feb 17, 2017.
             Was an Elder of Trog.
             Slain by a black bear (9 damage)
             ... on level 4 of the Dungeon.
             The game lasted 00:06:05 (3708 turns).

nikopol the Chopper (Gargoyle Berserker)            Turns: 3708, Time: 00:06:06

Health: -5/66      AC: 16    Str: 27    XL:     7   Next: 69%
Magic:  7/7        EV: 10    Int:  7    God:    Trog [****..]
Gold:   141        SH:  0    Dex: 10    Spells: 6/6 levels left

rFire    . . .     SeeInvis .   a - +0 hand axe
rCold    . . .     Gourm    .   q - +0 chain mail
rNeg     + . .     Faith    .   (no shield)
rPois    ∞         Spirit   .   (no helmet)
rElec    +         Reflect  .   y - +0 cloak
rCorr    .         Harm     .   g - +0 pair of gloves
MR       .....                  (no boots)
Stlth    ..........             (no amulet)
Regen    0.3/turn               (no ring)
MPRegen  0.1/turn               (no ring)

@: berserking, very quick
A: negative energy resistance 1, electricity resistance, unbreathing,
petrification resistance, rot immunity, AC +4
a: Berserk, Trog's Hand, Brothers in Arms, Burn Spellbooks, Renounce Religion


You were on level 4 of the Dungeon.
You worshipped Trog.
Trog was greatly pleased with you.
You were hungry.

You visited 1 branch of the dungeon, and saw 4 of its levels.

You collected 141 gold pieces.

Inventory:

Hand Weapons
 a - a +0 hand axe (weapon)
Missiles
 v - 43 arrows (quivered)
Armour
 b - a +0 animal skin
 g - a +0 pair of gloves (worn)
 q - a +0 chain mail (worn)
 y - a +0 cloak (worn)
Jewellery
 h - an uncursed ring of magical power {unknown}
 l - a cursed ring of teleportation {unknown}
 p - an uncursed ring of protection from cold {unknown}
 x - an uncursed ring of fire {unknown}
Scrolls
 d - a scroll of teleportation {unknown}
 i - 2 scrolls of blinking {unknown}
 j - 6 scrolls of identify {unknown}
 k - 2 scrolls of magic mapping {unknown}
 m - 2 scrolls of recharging {unknown}
 s - a scroll of enchant weapon {unknown}
 w - a scroll of remove curse {unknown}
 C - a scroll of enchant armour {unknown}
Potions
 e - 3 potions of haste {unknown}
 f - 2 potions of curing {unknown}
 o - 2 potions of ambrosia {unknown}
 r - a potion of degeneration {unknown}
 t - 2 potions of might {unknown}
 u - 2 potions of magic {unknown}
 z - 2 potions of mutation {unknown}
 D - a potion of cancellation {unknown}
Comestibles
 c - 2 bread rations
 n - 5 royal jellies
 A - 4 chunks of flesh
 B - 2 fruits


   Skills:
 + Level 5.1 Fighting
 * Level 5.3 Axes
 + Level 4.5 Armour
 + Level 3.4 Dodging


You had 6 spell levels left.
You didn't know any spells.

Dungeon Overview and Level Annotations

Branches:
Dungeon (4/15)             Temple (0/1) D:4

Altars:
Ru
Sif Muna


Innate Abilities, Weirdness & Mutations

You are resistant to torment.
Your stone body is resilient. (AC +4)
You are immune to poison.
You resist negative energy. (rN+)
You are resistant to electric shocks. (rElec)
You can survive without breathing.
You are immune to petrification.
You are immune to rotting.


Message History

The black bear bites you but does no damage.
The black bear barely misses you.
The black bear claws you but does no damage.
You hit the black bear.
The black bear is almost dead.
The black bear bites you but does no damage.
The black bear claws you.
* * * LOW HITPOINT WARNING * * *
The black bear barely misses you.
You closely miss the black bear.
The black bear is almost dead.
The black bear goes berserk!
The black bear bites you.
* * * LOW HITPOINT WARNING * * *
The black bear closely misses you.
The black bear claws you but does no damage.
A red film seems to cover your vision as you go berserk!
You feel yourself moving faster!
You feel mighty!
You are feeling hungry.
The black bear bites you!
You die...

+...........##.#.
##.#.#.###..##.#.
#...<............ ##
##.#.#.###....... ..
#.#.#.# #..##... #
###.##.#.#.###(.##... #.
#............h.......
#..######)#.#####..#....
#...).)@h.............##
.....#######...#####..####
### #.#.#####..#
#..........# ###.######.#
#........# ########.# #.#
#.#


You could see a black bear (berserk).

Vanquished Creatures
  Duvessa (D:4)
  The ghost of anet the Skirmisher, an amateur GrMo (D:4)
  Dowan (D:4)
  A howler monkey (D:4)
  Crazy Yiuf (D:3)
  A hound (D:4)
  2 orc wizards
  2 orc priests (D:4)
  A gnoll shaman (D:4)
  Jessica (D:3)
  A worker ant (D:4)
  6 adders
  4 gnolls (D:4)
  A worm (D:2)
  3 leopard geckos
  9 orcs
  10 bats
  3 giant cockroaches
  4 goblins
  10 hobgoblins
  15 jackals
  A quokka (D:3)
  3 ball pythons
  4 frilled lizards
  6 kobolds
  A quokka skeleton (D:4)
  6 rats
99 creatures vanquished.

Notes
Turn   | Place    | Note
-------+----------+-------------------------------------------
     0 | D:1      | nikopol the Gargoyle Berserker began the quest for the Orb.
     0 | D:1      | Reached XP level 1. HP: 14/14 MP: 1/1
   256 | D:1      | Reached XP level 2. HP: 19/19 MP: 2/2
  1031 | D:2      | Found a faded altar of an unknown god.
  1094 | D:2      | Reached XP level 3. HP: 21/23 MP: 3/3
  1128 | D:2      | Reached ** piety under Trog
  1816 | D:2      | Reached XP level 4. HP: 28/28 MP: 4/4
  2107 | D:3      | Found a deep blue altar of Sif Muna.
  2571 | D:3      | Found a runed door.
  2575 | D:3      | Noticed Crazy Yiuf
  2584 | D:3      | Killed Crazy Yiuf
  2643 | D:3      | Noticed Jessica
  2649 | D:3      | Found a sacrificial altar of Ru.
  2652 | D:3      | Killed Jessica
  2652 | D:3      | Reached XP level 5. HP: 25/33 MP: 5/5
  2931 | D:3      | Reached *** piety under Trog
  3044 | D:4      | Found a staircase to the Ecumenical Temple.
  3108 | D:4      | Noticed Duvessa
  3111 | D:4      | Noticed Dowan
  3124 | D:4      | Killed Duvessa
  3124 | D:4      | Reached XP level 6. HP: 32/39 MP: 6/6
  3126 | D:4      | Killed Dowan
  3347 | D:4      | Noticed anet's ghost (amateur GrMo)
  3356 | D:4      | Reached XP level 7. HP: 44/44 MP: 7/7
  3364 | D:4      | Killed anet's ghost
  3364 | D:4      | Reached skill level 5 in Axes
  3551 | D:4      | Reached skill level 5 in Fighting
  3619 | D:4      | Reached **** piety under Trog
  3708 | D:4      | Slain by a black bear

Vault maps used:
D:1:      saegor_arrival_under_anarchy
D:2:      cheibrodos_helix_gallery, chequers_ecumenical_altar_island
D:3:      led_sif_pool, nicolae_ru_great_annihilating_truth,
          uniq_crazy_yiuf_cottage, uniq_jessica
D:4:      minmay_diamond_boxcup, minmay_temple_entry_mist,
          minmay_goblin_kobold_house, uniq_duvessa

Skill      XL: |  1  2  3  4  5  6  7 |
---------------+----------------------+-----
Dodging        | 2 3 |  3.4
Axes           | 3 4 5 |  5.3
Fighting       | 4 5 |  5.1
Armour         | 3 4 |  4.5

Action                   |  1- 3 |  4- 6 |  7- 9 || total
-------------------------+-------+-------+-------++-------
Melee: Hand axe          |   139 |   170 |   109 ||   418
Invok: Berserk           |       |     1 |     2 ||     3
 Stab: Invisible         |       |     2 |       ||     2
  Eat: Chunk             |     3 |     5 |     4 ||    12
Armor: Animal skin       |    43 |       |       ||    43
       Chain mail        |    38 |   189 |    89 ||   316
Dodge: Dodged            |    93 |   103 |    53 ||   249
